 Dungeon Crawl Stone Soup version 0.31-a0-986-g5e6e4ef867 (webtiles) character file.

Game seed: 13545630633870748335

3889 Adrian566 the Grappler (level 10, -7/89 HPs)
             Began as a Troll Shapeshifter on Nov 13, 2023.
             Was an Initiate of Gozag.
             Mangled by Grum
             ... wielding a +0 spear
              (18 damage)
             ... on level 8 of the Dungeon.
             The game lasted 00:06:18 (5356 turns).

Adrian566 the Grappler (Troll Shapeshifter)         Turns: 5356, Time: 00:06:20

Health: -7/89      AC:  4    Str: 34    XL:     10   Next: 0%
Magic:  9/9        EV: 15    Int:  6    God:    Gozag
Gold:   415        SH:  0    Dex:  9    Spells: 9/9 levels left

rFire   . .          .
                       - Unarmed
rCold   . . .        (no shield)
rNeg    . . .        a - +0 animal skin
rPois   .            (helmet currently unavailable)
rElec   .            (cloak currently unavailable)
rCorr   .            (gloves unavailable)
SInv    .            (boots unavailable)
Will    .....        o - amulet of regeneration
Stlth   +            n - +6 ring of strength
HPRegen 1.94/turn    D - +5 ring of evasion
MPRegen 0.11/turn

%: no passive effects
@: beast-form, invisible
A: beast (slay +3), large, unfitting armour, claws 3, regeneration 1, shaggy fur
1, tough skin 1
a: Begin Untransformation, Renounce Religion, Potion Petition, Call Merchant,
Bribe Branch


You were on level 8 of the Dungeon.
You worshipped Gozag.
Gozag was aware of your devotion.
You were a hulking beast.
You visited 2 branches of the dungeon, and saw 9 of its levels.

You collected 595 gold pieces.
You paid 180 gold pieces to Gozag.

Inventory:

Armour
 a - a +0 animal skin (worn)
 F - a +0 hat
Jewellery
 i - a ring of protection from cold
 l - a ring of fire
 n - a +6 ring of strength (left claw)
 o - an amulet of regeneration (around neck)
 r - a ring of ice
 v - an amulet of faith
 y - a ring of resist corrosion
 z - a ring of see invisible
 D - a +5 ring of evasion (right claw)
Talismans
 c - a beast talisman (active)
 d - a flux talisman
Wands
 w - a wand of iceblast (4)
 x - a wand of light (27)
 B - a wand of flame (29)
Scrolls
 h - 4 scrolls of fear
 k - 2 scrolls of poison
 q - a scroll of teleportation
 t - 2 scrolls of torment
 C - a scroll of fog
Potions
 b - a potion of lignification
 f - 2 potions of curing
 g - a potion of resistance
 j - 2 potions of ambrosia
 m - a potion of enlightenment
 p - 3 potions of brilliance
 s - 3 potions of haste
 u - 2 potions of heal wounds
 E - a potion of berserk rage


   Skills:
 + Level 2.9 Fighting
 + Level 5.0 Dodging
 + Level 1.3 Stealth
 + Level 11.0 Unarmed Combat
 * Level 6.8 Shapeshifting


You had 9 spell levels left.
You didn't know any spells.
Your spell library contained the following spells:

 Spells                   Type           Power      Damage    Failure   Level
 Necrotise                Necr           0%         1d4       45%         1
 Sublimation of Blood     Necr           0%         N/A       58%         2
 Wereblood                Tmut           0%         N/A       58%         2
 Vampiric Draining        Necr           0%         2d6       83%         3
 Agony                    Necr           0%         N/A       100%        5
 Summon Hydra             Summ           0%         N/A       100%        7


Dungeon Overview and Level Annotations

Branches:
Dungeon (8/15)             Temple (1/1) D:7
   Lair: D:8-11

Altars:
Ashenzari
Cheibriados
Dithmenos
Elyvilon
Gozag
Hepliaklqana
Kikubaaqudgha
Makhleb
Nemelex Xobeh
Okawaru
Ru
Sif Muna
Trog
Uskayaw
Vehumet
Wu Jian
Xom
Yredelemnul
Zin
The Shining One

Shops:
D:4 =

Annotations:
D:8 Grum


Innate Abilities, Weirdness & Mutations

You are a hulking beast.
Your limbs bulge with bestial killing power. (Slay +3)
You are too large for most types of armour.
You have claws for hands.
Your natural rate of healing is unusually fast.
You are covered in fur. (AC +1)
You have tough skin. (AC +1)


Message History

Grum hits you with a +0 spear! The wolf barely misses you.
You completely miss the wolf.
The wolf is severely wounded.
The wolf bites you but does no damage. The wolf bites you!
A killer bee comes into view.
Grum misses you.
You are too injured to fight recklessly!
You are too injured to fight recklessly!
You are too injured to fight recklessly!
You are too injured to fight recklessly!
You are too injured to fight recklessly!
You are too injured to fight recklessly!
You are too injured to fight recklessly!
You are too injured to fight recklessly!
You are too injured to fight recklessly!
You are too injured to fight recklessly!
You are too injured to fight recklessly!
You are too injured to fight recklessly!
You are too injured to fight recklessly!
You are too injured to fight recklessly!
You are too injured to fight recklessly!
You are too injured to fight recklessly!
Unknown command.
You are too injured to fight recklessly!
The killer bee buzzes angrily.
You mangle Grum!!
Grum is almost dead.
The wolf bites you but does no damage. The wolf bites you. x2
Grum hits you with a +0 spear!
* * * LOW HITPOINT WARNING * * *
The wolf bites you.
* * * LOW HITPOINT WARNING * * *
You fade into invisibility!
The wolf bites you.
* * * LOW HITPOINT WARNING * * *
The wolf bites you.
* * * LOW HITPOINT WARNING * * *
Grum hits you with a +0 spear!!
You die...
Your body crumbles into a pile of gold.

#.# #.<....#........#
#.# #....###........#
#.# #......#........#
#.# #...............# .
#.# #...............# ..
#.# #..........>#####...
#.# #...................
#.# #...................
#.# #...........hh......
#.###.......####hg......
#.##.......## ##.......
#.##......... ..y....
#.........# ..)....
####.<..#.# .......
#....# ....... #(...#
......? #......


You could see Grum (unable to see you), 2 wolves and a killer bee (unable to see
you).

Vanquished Creatures
  A komodo dragon (D:7)
  Grinder (D:5)
  5 humans (D:6)
  Menkaure (D:6)
  A steam dragon (D:5)
  An acid dragon (D:7)
  Duvessa (D:6)
  A water moccasin (D:6)
  2 sky beasts
  3 black bears
  An ice beast (D:7)
  An ogre (D:5)
  3 centaurs (D:6)
  2 phantoms
  2 kobold brigands
  A bullfrog (D:5)
  A gnoll sergeant (D:7)
  A scorpion (D:4)
  Dowan (D:6)
  2 jellies
  4 orc priests
  5 hounds
  5 iguanas
  A sleepcap (D:3)
  2 orc wizards
  Robin (D:2)
  9 gnolls
  3 adders
  3 white imps (D:6)
  A worm (D:3)
  7 dart slugs
  16 orcs
  4 bats
  4 endoplasms
  3 giant cockroaches
  15 goblins
  15 hobgoblins
  20 jackals
  A quokka (D:3)
  8 ball pythons
  17 frilled lizards
  15 kobolds
  3 rats (D:3)
194 creatures vanquished.

Vanquished Creatures (others)
  A human (D:3)
1 creature vanquished.

Grand Total: 195 creatures vanquished

Notes
Turn   | Place    | Note
-------+----------+-------------------------------------------
     0 | D:1      | Adrian566 the Troll Shapeshifter began the quest for the
                  | Orb.
     0 | D:1      | Reached XP level 1. HP: 18/18 MP: 0/0
   110 | D:1      | Reached XP level 2. HP: 26/26 MP: 1/1
   259 | D:1      | Reached XP level 3. HP: 32/32 MP: 2/2
   568 | D:2      | Found a faded altar of an unknown god.
   570 | D:2      | Reached skill level 4 in Unarmed Combat
   697 | D:2      | Reached XP level 4. HP: 40/40 MP: 3/3
   718 | D:2      | Noticed Robin
   727 | D:2      | Killed Robin
  1332 | D:3      | Reached XP level 5. HP: 46/46 MP: 4/4
  1405 | D:3      | Found an ancient bone altar of Kikubaaqudgha.
  1408 | D:3      | Noticed a human
  1410 | D:3      | Killed a human
  1481 | D:3      | Reached skill level 5 in Unarmed Combat
  2081 | D:4      | Reached skill level 1 in Fighting
  2177 | D:4      | Reached XP level 6. HP: 49/55 MP: 5/5
  2299 | D:4      | Found a white marble altar of Elyvilon.
  2299 | D:4      | Found an ornate altar of the Wu Jian Council.
  2299 | D:4      | Found a basalt altar of Yredelemnul.
  2301 | D:4      | Found a sparkling altar of Nemelex Xobeh.
  2539 | D:4      | Found Vopimuz's Jewellery Boutique.
  2554 | D:4      | Found a shadowy altar of Dithmenos.
  2875 | D:5      | Entered Level 5 of the Dungeon
  2937 | D:5      | Reached skill level 6 in Unarmed Combat
  3003 | D:5      | Noticed Grinder
  3018 | D:5      | Killed Grinder
  3019 | D:5      | Reached XP level 7. HP: 61/62 MP: 6/6
  3100 | D:5      | Reached skill level 7 in Unarmed Combat
  3280 | D:5      | Noticed a steam dragon
  3285 | D:5      | Reached XP level 8. HP: 52/71 MP: 7/7
  3287 | D:5      | Reached skill level 5 in Shapeshifting
  3295 | D:5      | Reached skill level 1 in Stealth
  3295 | D:5      | Reached skill level 8 in Unarmed Combat
  3728 | D:6      | Noticed Menkaure
  3735 | D:6      | Killed Menkaure
  3858 | D:6      | Reached skill level 9 in Unarmed Combat
  3886 | D:6      | Reached XP level 9. HP: 48/80 MP: 8/8
  3956 | D:6      | Noticed Duvessa
  3957 | D:6      | Noticed Dowan
  3966 | D:6      | Killed Duvessa
  3967 | D:6      | Reached skill level 10 in Unarmed Combat
  3968 | D:6      | Killed Dowan
  4248 | D:6      | Found a glowing silver altar of Zin.
  4649 | D:7      | Found a staircase to the Ecumenical Temple.
  4727 | Temple   | Entered the Ecumenical Temple
  4850 | D:7      | Noticed a komodo dragon
  4859 | D:7      | Killed a komodo dragon
  4860 | D:7      | Reached skill level 5 in Dodging
  4921 | D:7      | Found an opulent altar of Gozag.
  4973 | D:7      | Became a worshipper of Gozag Ym Sagoz the Greedy
  5157 | D:7      | Reached skill level 11 in Unarmed Combat
  5157 | D:7      | Reached XP level 10. HP: 89/89 MP: 9/9
  5291 | D:8      | Identified the "Zuwofosk"
  5347 | D:8      | Noticed Grum
  5356 | D:8      | Mangled by Grum

Illustrated notes

Levels and vault maps discovered:
D:1:      scummos_arrival_hexagon, layout_rooms, minmay_lizard_pond
D:2:      layout_rooms, ebering_ecumenical_altar_ruins, uniq_robin
D:3:      minmay_razor_zed, layout_rooms, tgw_kikubaaqudgha
D:4:      layout_layer_cave, chequers_temple_overflow_statue_of_worship,
          general_overflow_altar, serial_shops, nicolae_shop_just_a_little_nook
D:5:      layout_loops_ring, minmay_starry_boxes, uniq_grinder
D:6:      layout_cave_pods, zin_statuary, minmay_ruffians, uniq_duvessa,
          uniq_menkaure
D:7:      layout_loops_cross, mainiacjoe_overflow_cross_hatched,
          minmay_temple_entry_ruins, minmay_lizard_king
D:8:      minmay_s_stair_smasher, layout_basic,
          grunt_temple_overflow_forces_of_nature, grunt_decor_cap,
          minmay_fire_ice_demons, uniq_grum
Temple:   hellmonk_temple_forest_ring

Skill      XL: |  1  2  3  4  5  6  7  8  9 |
---------------+----------------------------+-----
Unarmed Combat | 4 5 6 7 9 11 | 11.0
Dodging        | 2 3 5 |  5.0
Fighting       | 1 2 |  2.9
Shapeshifting  | 4 5 6 |  6.8
Stealth        | 1 |  1.3

Action                     |  1- 3 |  4- 6 |  7- 9 | 10-12 || total
---------------------------+-------+-------+-------+-------++-------
  Melee: Unarmed           |    86 |   168 |   175 |    11 ||   440
         Punch             |     3 |     3 |     9 |       ||    15
    Use: Scroll            |       |    15 |     6 |       ||    21
         Potion            |       |       |       |     1 ||     1
 Armour: Animal skin       |    79 |    96 |   114 |    15 ||   304
  Dodge: Dodged            |    56 |    76 |    93 |    10 ||   235
   Form: Beast             |     1 |       |       |       ||     1

Table legend: (Time is in decaauts)
 A = Elapsed time spent in this place.
 B = Non-inter-level travel time spent in this place.
 C = Inter-level travel time spent in this place.
 D = Time resting spent in this place.
 E = Time spent auto-exploring this place.
 F = Levels seen in this place.
 G = Mean time per level.
                   A        B        C        D        E       F      G
               +--------+--------+--------+--------+--------+-----+--------+
         Total |   5301 |   5044 |    257 |     32 |   4058 |   9 |  589.0 |
       Dungeon |   5281 |   5030 |    251 |     32 |   4058 |   8 |  660.1 |
        Temple |     19 |     13 |      6 |      0 |      0 |   1 |   19.0 |
               +--------+--------+--------+--------+--------+-----+--------+

Top non-repeatable levels by time:
     D:4: 1067 daAuts
     D:6: 873 daAuts
     D:5: 785 daAuts
     D:7: 703 daAuts
     D:3: 679 daAuts
     D:1: 564 daAuts
     D:2: 544 daAuts
     D:8: 63 daAuts
  Temple: 19 daAuts
